 Dungeon Crawl Stone Soup version 0.27-a0-1065-ge809cff456 (webtiles) character file.

Game seed: 17834259561780849908

1 vhaine the Chiller (level 1, -1/13 HPs)
             Began as a Merfolk Ice Elementalist on Apr 22, 2021.
             Slain by a jackal (3 damage)
             ... on level 1 of the Dungeon.
             The game lasted 00:01:10 (61 turns).

vhaine the Chiller (Merfolk Ice Elementalist)         Turns: 61, Time: 00:01:11

Health: -1/13      AC:  2    Str:  8    XL:     1   Next: 20%
Magic:  2/3        EV: 12    Int: 14    God:
Gold:   0          SH:  0    Dex: 14    Spells: 3/4 levels left

rFire    + . .     SeeInvis .   (no weapon)
rCold    + . .     Faith    .   (no shield)
rNeg     . . .     Spirit   .   a - +0 robe
rPois    +         Reflect  .   (no helmet)
rElec    +         Harm     .   (no cloak)
rCorr    +         Rampage  .   (no gloves)
Will     .....                  (no boots)
Stlth    ++........             (no amulet)
HPRegen  0.04/turn              (no ring)
MPRegen  0.08/turn              (no ring)

@: resistant
A: (nimble swimmer 2), mertail
a: no special abilities


You were on level 1 of the Dungeon.
You visited 1 branch of the dungeon, and saw 1 of its levels.

Inventory:

Armour
 a - a +0 robe (worn)


   Skills:
 - Level 2.6 Dodging
 - Level 2.1 Stealth
 - Level 2.0 Spellcasting
 + Level 4.4 Ice Magic


You had 3 spell levels left.
You knew the following spells:

 Your Spells              Type           Power      Damage    Failure   Level
a - Freeze                Ice            52%        1d7       3%          1

Your spell library contained the following spells:

 Spells                   Type           Power      Damage    Failure   Level
 Frozen Ramparts          Ice            26%        1d4       12%         3
 Ozocubu's Armour         Ice            13%        N/A       12%         3
 Hailstorm                Conj/Ice       7%         3d4       67%         4
 Metabolic Englaciation   Hex/Ice        3%         N/A       95%         5


Dungeon Overview and Level Annotations

Branches:
Dungeon (1/15)

Altars:


Innate Abilities, Weirdness & Mutations

((You are quick and stealthy near water. (Stealth+, EV+, Speed+++)))
Your lower body shifts to a powerful aquatic tail in water.


Message History

You freeze the jackal.
The jackal is almost dead.
The jackal barely misses you.
The jackal bites the plant.
The plant begins to die.
The jackal bites the plant.
The plant begins to die.
The jackal bites you but does no damage.
The jackal bites the plant.
The jackal barely misses you.
Something bites the plant.
A nearby plant withers and dies.
The jackal bites the plant.
The plant begins to die.
The jackal closely misses you. The jackal barely misses you.
Found a fuming red potion.
You see here a fuming red potion.
b - a fuming red potion The jackal closely misses you.
The jackal completely misses you. The jackal closely misses you.
The jackal bites you.
Casting: Freeze (safe; 4% risk of failure)
Confirm with . or Enter, or press ? or * to list all spells.
Aiming: Freeze (safe; 4% risk of failure)
Press: ? - help, Shift-Dir - straight line, f/p - jackal
Aim: a jackal (severely wounded)
You freeze the jackal.
You kill the jackal!
The jackal bites you but does no damage.
The jackal bites you but does no damage.
The jackal bites you.
The jackal bites the plant.
The plant begins to die.
The jackal bites you. The jackal misses you.
A nearby plant withers and dies.
It was a potion of resistance.
You feel protected. The jackal bites you.
* * * LOW HITPOINT WARNING * * *
The jackal bites you but does no damage.
The jackal misses you. The jackal bites you.
You die...

♣♣♣♣♣.....♣♣♣
♣♣♣♣....♣♣♣♣♣..♣♣♣
♣..†♣♣♣♣♣ ♣♣♣..♣♣
♣.♣♣♣.♣♣ ♣♣♣.♣
♣♣h♣♣♣ ♣.♣ ♣♣h.♣♣♣
♣♣.♣ ♣♣♣..♣ ♣h.♣
♣♣.♣ ♣♣h♣♣ ♣♣.♣♣
♣♣@.♣♣ ♣h♣♣
♣.♣..♣♣♣ ♣h♣♣
♣......♣
♣.♣.♣♣♣♣♣..<..♣♣
♣♣....♣......♣♣
♣♣♣P♣h.♣♣♣♣♣♣
♣♣♣♣♣♣


You could see 2 jackals.

Vanquished Creatures
  A jackal (D:1)
1 creature vanquished.

Vanquished Creatures (others)
  4 plants (D:1)
4 creatures vanquished.

Grand Total: 5 creatures vanquished

Notes
Turn   | Place    | Note
-------+----------+-------------------------------------------
     0 | D:1      | vhaine the Merfolk Ice Elementalist began the quest for the
                  | Orb.
     0 | D:1      | Reached XP level 1. HP: 13/13 MP: 3/3
    61 | D:1      | Slain by a jackal

Illustrated notes

Levels and vault maps discovered:
D:1:      kilobyte_arrival_exit_the_forest, layout_basic, serial_shops,
          nicolae_shop_overgrown_old_shop, ebering_ecumenical_altar_ruins,
          minmay_misc_feat_pillars

Action                   || total
-------------------------++-------
 Cast: Freeze            ||     5
  Use: Potion            ||     1
Armor: Robe              ||     4
Dodge: Dodged            ||    12

Table legend: (Time is in decaauts)
 A = Elapsed time spent in this place.
 B = Non-inter-level travel time spent in this place.
 C = Inter-level travel time spent in this place.
 D = Time resting spent in this place.
 E = Time spent auto-exploring this place.
 F = Levels seen in this place.
 G = Mean time per level.
                   A        B        C        D        E       F      G
               +--------+--------+--------+--------+--------+-----+--------+
         Total |     61 |     61 |      0 |      0 |      7 |   1 |   61.0 |
       Dungeon |     61 |     61 |      0 |      0 |      7 |   1 |   61.0 |
               +--------+--------+--------+--------+--------+-----+--------+

Top non-repeatable levels by time:
     D:1: 61 daAuts
